[Event "ICC tourney 2481 (75 10)"]
[Site "Internet Chess Club"]
[Date "2021.03.28"]
[Round "5"]
[White "BRUDNO, STEPHEN:StevChess01"]
[Black "CHERUKURI, DEVESH:Deveshc"]
[Result "0-1"]
[ICCResult "White resigns"]
[WhiteElo "1652"]
[BlackElo "1532"]
[Opening "QGA: 3.e4"]
[ECO "D20"]
[NIC "QG.04"]
[Time "15:31:03"]
[PlyCount "92"]
[TimeControl "4500+10"]

1. d4 d5 2. c4 dxc4 3. e4 Nf6 4. Nc3 e6 5. Bxc4 a6 6. a4 Bb4 7. e5 Ne4 8.
Qb3 a5 9. Nf3 Nc6 10. Be3 O-O 11. O-O Nxc3 12. bxc3 Be7 13. Rfd1 b6 14. d5
exd5 15. Bxd5 Qe8 16. Qc4 Bb7 17. Bf4 Rd8 18. Be4 Rxd1+ 19. Rxd1 Nd8 20.
Bxb7 Nxb7 21. Qxc7 Qxa4 22. Rf1 Qxf4 23. Qxe7 Qe4 24. Re1 Qc6 25. e6 Nd6
26. Nd4 Qxc3 27. exf7+ Nxf7 28. Nf5 a4 29. Qe6 a3 30. Nd6 Qf6 31. Qxf6 gxf6
32. Nc4 a2 33. Ra1 b5 34. Nd2 Rd8 35. Rxa2 b4 36. Kf1 Ne5 37. Ke2 Nd3 38.
Ra7 Nf4+ 39. Kf3 Rxd2 40. Kxf4 Rxf2+ 41. Kg3 Rb2 42. Rb7 b3 43. Kf3 Rb1 44.
g3 b2 45. Kg2 Kf8 46. Kf2 Rh1 { White resigns } 0-1

[Event "ICC tourney 2481 (75 10)"]
[Site "Internet Chess Club"]
[Date "2021.03.28"]
[Round "5"]
[White "MAZUMDAR, SHAURYA:raremystery"]
[Black "BONNELL, LEO W:bonnelleo1"]
[Result "1/2-1/2"]
[ICCResult "Game drawn by mutual agreement"]
[WhiteElo "1673"]
[BlackElo "1832"]
[Opening "French: Tarrasch"]
[ECO "C03"]
[NIC "FR.14"]
[Time "15:31:08"]
[PlyCount "67"]
[TimeControl "4500+10"]

1. e4 e6 2. d4 d5 3. Nd2 Be7 4. Bd3 Nf6 5. e5 Nfd7 6. Ne2 c5 7. c3 b6 8.
Nf3 Ba6 9. Bb1 Nc6 10. O-O cxd4 11. cxd4 h6 12. Re1 Bxe2 13. Qxe2 Bb4 14.
Rd1 Na5 15. b3 Bc3 16. Bb2 Bxb2 17. Qxb2 Rc8 18. Bd3 O-O 19. Rac1 Nb8 20.
Rxc8 Qxc8 21. Rc1 Qb7 22. Bb1 Rc8 23. Re1 Qc7 24. Qe2 Qc3 25. h3 Nac6 26.
Rd1 Ne7 27. Rd2 Qc1+ 28. Rd1 Qc3 29. Rd2 Qc1+ 30. Rd1 Qc3 31. Rd3 Qc1+ 32.
Rd1 Qc3 33. Bd3 Nec6 34. Kh2 { Game drawn by mutual agreement } 1/2-1/2

[Event "ICC tourney 2481 (75 10)"]
[Site "Internet Chess Club"]
[Date "2021.03.28"]
[Round "5"]
[White "TALWALKAR, VEDANT AMEYA:castle2king"]
[Black "PU, LANDON:landonp"]
[Result "1-0"]
[ICCResult "Black checkmated"]
[WhiteElo "1644"]
[BlackElo "1483"]
[Opening "Ruy Lopez: Anderssen variation"]
[ECO "C77"]
[NIC "RL.12"]
[Time "15:31:02"]
[PlyCount "59"]
[TimeControl "4500+10"]

1. e4 e5 2. Nf3 Nc6 3. Bb5 a6 4. Ba4 Nf6 5. d3 b5 6. Bb3 Bc5 7. O-O d6 8.
c3 h6 9. Re1 O-O 10. h3 Bb7 11. a4 Rb8 12. Nbd2 Re8 13. Nf1 d5 14. Ng3 d4
15. Nf5 Rf8 16. N3h4 Kh7 17. Qf3 g5 18. Qg3 Nh5 19. Qf3 Nf6 20. Nxh6 Kxh6
21. Bxg5+ Kxg5 22. Qg3+ Ng4 23. Qxg4+ Kf6 24. Nf5 Rg8 25. Qf3 Rf8 26. Qh5
Rg8 27. Qxf7+ Kg5 28. h4+ Kf4 29. Ne3+ Qf6 30. Qxf6# { Black checkmated }
1-0

[Event "ICC tourney 2481 (75 10)"]
[Site "Internet Chess Club"]
[Date "2021.03.28"]
[Round "5"]
[White "PARVATHANENI, NIKHIL:Nikhilp"]
[Black "JIANG, LEYOU:karuto2006"]
[Result "1/2-1/2"]
[ICCResult "Game drawn by mutual agreement"]
[WhiteElo "1793"]
[BlackElo "1831"]
[Opening "Ruy Lopez: closed, Bogolyubov variation"]
[ECO "C91"]
[NIC "RL.20"]
[Time "15:31:11"]
[PlyCount "91"]
[TimeControl "4500+10"]

1. e4 e5 2. Nf3 Nc6 3. Bb5 a6 4. Ba4 Nf6 5. O-O Be7 6. Re1 b5 7. Bb3 d6 8.
c3 O-O 9. d4 Bg4 10. Be3 Na5 11. Bc2 Nc4 12. Bc1 c5 13. b3 Nb6 14. d5 c4
15. b4 a5 16. a3 Qc7 17. Bb2 Qd7 18. Nbd2 Nh5 19. h3 Bxf3 20. Qxf3 Nf4 21.
Nf1 Rfc8 22. Ng3 g6 23. Ne2 Nxe2+ 24. Qxe2 Bg5 25. Kh2 h5 26. g3 h4 27. Bc1
Bxc1 28. Rexc1 Kg7 29. g4 axb4 30. axb4 Qd8 31. Qe3 Nd7 32. f4 exf4 33.
Qxf4 Ne5 34. Kg2 Rxa1 35. Rxa1 Ra8 36. Qf1 Rxa1 37. Qxa1 Qg5 38. Qe1 Qf4
39. Qf2 Qc1 40. Qe2 g5 41. Qf2 Nd3 42. Bxd3 cxd3 43. Qd4+ f6 44. Qxd3 Qf4
45. Kg1 Kf7 46. Kg2 { Game drawn by mutual agreement } 1/2-1/2

[Event "ICC tourney 2481 (75 10)"]
[Site "Internet Chess Club"]
[Date "2021.03.28"]
[Round "5"]
[White "KERR, JOSHUA MORGAN:AbleCompany"]
[Black "NAIR, ADVAIT SHANKAR:sujashankar"]
[Result "0-1"]
[ICCResult "White checkmated"]
[WhiteElo "1673"]
[BlackElo "1750"]
[Opening "Nimzo-Indian: 4.e3, main line with ...b6"]
[ECO "E52"]
[NIC "NI.06"]
[Time "15:31:12"]
[PlyCount "76"]
[TimeControl "4500+10"]

1. d4 Nf6 2. c4 e6 3. Nc3 Bb4 4. e3 O-O 5. Bd3 d5 6. Nf3 b6 7. O-O Bb7 8.
cxd5 exd5 9. Ne5 Nbd7 10. f4 c5 11. a3 Bxc3 12. bxc3 Qe7 13. Rf3 Rac8 14.
Rh3 h6 15. g4 Ne4 16. Bxe4 dxe4 17. g5 Nxe5 18. dxe5 Qe6 19. Qh5 Rfd8 20.
Bb2 Rd2 21. gxh6 g6 22. h7+ Kh8 23. Qh6 Qg4+ 24. Rg3 Qe2 25. e6 Rcd8 26.
Rf1 Rd1 27. Qh3 Qxb2 28. e7 Rxf1+ 29. Qxf1 Re8 30. Qd1 Kxh7 31. Qd7 Ba6 32.
Rh3+ Kg7 33. Qxe8 Qc1+ 34. Kf2 Qd2+ 35. Kg3 Qxe3+ 36. Kg2 Qe2+ 37. Kg3 Qf3+
38. Kh4 Qxf4# { White checkmated } 0-1

[Event "ICC tourney 2481 (75 10)"]
[Site "Internet Chess Club"]
[Date "2021.03.28"]
[Round "5"]
[White "Kashyap, Mahati B:mnm1"]
[Black "Renderer, Winslow Scott:BEASTMODE1"]
[Result "0-1"]
[ICCResult "White checkmated"]
[WhiteElo "1515"]
[BlackElo "1727"]
[Opening "French defense"]
[ECO "C01"]
[NIC "FR.01"]
[Time "15:31:14"]
[PlyCount "120"]
[TimeControl "4500+10"]

1. e4 e6 2. d4 b6 3. Nf3 Bb7 4. Bd3 Nf6 5. e5 Ng4 6. h3 Nh6 7. Nc3 f5 8.
O-O Nf7 9. a3 h5 10. Be3 g5 11. Re1 g4 12. hxg4 hxg4 13. Nd2 Qh4 14. Kf1
Bxg2+ 15. Ke2 Ng5 16. Bxg5 Qxg5 17. Rg1 Bh3 18. Ke1 Qf4 19. Nb3 Qh2 20. Ke2
Bg2 21. Rxg2 Qxg2 22. Nb5 Na6 23. Qe1 Qf3+ 24. Kd2 Bh6+ 25. Kc3 Qc6+ 26.
Bc4 Qf3+ 27. Bd3 c5 28. Nd6+ Ke7 29. dxc5 bxc5 30. Qe2 Qxe2 31. Bxe2 Nc7
32. Rd1 Nd5+ 33. Kc4 Nf4 34. Bf1 Ng6 35. Nxc5 Nxe5+ 36. Kb3 Rab8+ 37. Ka2
Bf4 38. Ndb7 Rh1 39. Na5 d5 40. Re1 Rb6 41. Rd1 Nf3 42. Na4 Ra6 43. Bxa6
Rxd1 44. Nc6+ Kf6 45. Nc5 Rd2 46. c3 Rxf2 47. Bc8 Ng5 48. Nd7+ Kg7 49. Nc5
g3 50. Nxe6+ Nxe6 51. Bxe6 g2 52. Bxd5 g1=Q 53. Nd4 Qc1 54. Nxf5+ Kf6 55.
Kb3 Rxb2+ 56. Ka4 Kxf5 57. Be6+ Kxe6 58. Ka5 Qxc3+ 59. Ka4 Qc6+ 60. Ka5
Bc7# { White checkmated } 0-1

[Event "ICC tourney 2481 (75 10)"]
[Site "Internet Chess Club"]
[Date "2021.03.28"]
[Round "5"]
[White "CAREY, MICHAEL P:xyzchessdude"]
[Black "WANG, KEVIN:Deepbrainfinal"]
[Result "1/2-1/2"]
[ICCResult "Game drawn by repetition"]
[WhiteElo "1953"]
[BlackElo "1415"]
[Opening "Réti opening"]
[ECO "A11"]
[NIC "QP.09"]
[Time "15:31:08"]
[PlyCount "102"]
[TimeControl "4500+10"]

1. Nf3 d5 2. c4 c6 3. e3 Nf6 4. Nc3 Bg4 5. Qb3 Qb6 6. Ne5 e6 7. cxd5 exd5
8. Nxg4 Nxg4 9. Qc2 Nd7 10. Be2 Ngf6 11. O-O Bd6 12. d3 O-O 13. g3 Rac8 14.
Bf3 Ne5 15. Bg2 Rfd8 16. b3 Qc7 17. Bb2 Ng6 18. Rad1 b6 19. Ne2 Re8 20. Nd4
h5 21. Rc1 h4 22. Qe2 hxg3 23. hxg3 c5 24. Nf5 Qd7 25. Nxd6 Qxd6 26. Bxf6
gxf6 27. d4 Kg7 28. Rfd1 cxd4 29. Rxc8 Rxc8 30. Rxd4 Rc1+ 31. Rd1 Rxd1+ 32.
Qxd1 Ne7 33. Qg4+ Ng6 34. Qd4 Ne7 35. e4 Ng6 36. Qxd5 Qa3 37. Qd2 a5 38.
Qe2 Ne5 39. f4 Ng6 40. e5 fxe5 41. f5 Qc5+ 42. Kh2 Ne7 43. Qg4+ Kf6 44.
Qh4+ Kxf5 45. Bh3+ Kg6 46. Qg4+ Kh6 47. Qh4+ Kg6 48. Qg4+ Kh6 49. Qh4+ Kg6
50. Qg4+ Kh6 51. Qh4+ Kg6 { Game drawn by repetition } 1/2-1/2

[Event "ICC tourney 2481 (75 10)"]
[Site "Internet Chess Club"]
[Date "2021.03.28"]
[Round "5"]
[White "CHERUKURI, NITESH:Niteshc"]
[Black "KUMAR, SRIRAM K:sirking2800"]
[Result "1-0"]
[ICCResult "Black resigns"]
[WhiteElo "1690"]
[BlackElo "1884"]
[Opening "Giuoco Pianissimo"]
[ECO "C55"]
[NIC "IG.01"]
[Time "15:31:03"]
[PlyCount "115"]
[TimeControl "4500+10"]

1. e4 e5 2. Nf3 Nc6 3. Bc4 Nf6 4. d3 Bc5 5. c3 O-O 6. Bg5 d6 7. a4 a5 8. h3
Be6 9. Nbd2 Kh8 10. O-O Qd7 11. Bxe6 fxe6 12. Nc4 h6 13. Bh4 Qf7 14. Ne3
Nh5 15. d4 exd4 16. cxd4 Ba7 17. Bg3 e5 18. Nf5 Nxg3 19. fxg3 exd4 20. Kh2
Rae8 21. N3h4 Kh7 22. Qc2 Nb4 23. Qe2 d3 24. Qg4 h5 25. Qg5 Re5 26. Qg6+
Qxg6 27. Nxg6 Kxg6 28. Nh4+ Kh7 29. Rxf8 Rxe4 30. Nf3 Re2 31. Rd1 Be3 32.
Rf5 Kg6 33. Nh4+ Kh6 34. Rxa5 g6 35. Rb5 c5 36. Rxb7 d2 37. Nf3 Nc2 38.
Nxd2 Bxd2 39. a5 Ne1 40. a6 Rxg2+ 41. Kh1 Re2 42. Kg1 Re8 43. a7 Ra8 44.
Ra1 Be3+ 45. Kf1 Nc2 46. Rb8 Rxa7 47. Rxa7 c4 48. Rd7 Bd4 49. Rxd6 Be5 50.
Rbb6 Bxd6 51. Rxd6 Kg5 52. Rc6 Kf5 53. Kf2 Nb4 54. Rxc4 Nd3+ 55. Ke3 Nxb2
56. Rc5+ Kf6 57. Kd2 Na4 58. Rb5 { Black resigns } 1-0

[Event "ICC tourney 2481 (75 10)"]
[Site "Internet Chess Club"]
[Date "2021.03.28"]
[Round "5"]
[White "OPASKA, MICHAEL:mopaska1106"]
[Black "DINESH, ABINAV:abi2009"]
[Result "1-0"]
[ICCResult "Black resigns"]
[WhiteElo "1945"]
[BlackElo "1632"]
[Opening "QGD: exchange, positional line"]
[ECO "D35"]
[NIC "QO.16"]
[Time "15:31:56"]
[PlyCount "67"]
[TimeControl "4500+10"]

1. d4 d5 2. c4 e6 3. Nc3 Nf6 4. cxd5 exd5 5. Bg5 Be7 6. Qc2 Nbd7 7. e3 b6
8. Nf3 Bb7 9. Be2 O-O 10. O-O c5 11. dxc5 bxc5 12. Rfd1 Nb6 13. Rac1 Rc8
14. Qf5 Qc7 15. Bxf6 Bxf6 16. Bd3 Rfe8 17. Qxh7+ Kf8 18. Bf5 Rcd8 19. b4 c4
20. Nb5 Qc6 21. Nfd4 Bxd4 22. Nxd4 Qf6 23. Bc2 g6 24. Qh6+ Kg8 25. a4 Nd7
26. Qh3 Ne5 27. b5 Bc8 28. Qg3 Be6 29. a5 Rb8 30. f4 Nd3 31. Bxd3 cxd3 32.
Rc6 Rec8 33. f5 Rxc6 34. bxc6 { Black resigns } 1-0

[Event "ICC tourney 2481 (75 10)"]
[Site "Internet Chess Club"]
[Date "2021.03.28"]
[Round "5"]
[White "Kashyap, Manish B:mnm2"]
[Black "POWERS, LEON:PKAYLA"]
[Result "1/2-1/2"]
[ICCResult "Game drawn by mutual agreement"]
[WhiteElo "1547"]
[BlackElo "1714"]
[Opening "Pirc: classical (two knights) system"]
[ECO "B08"]
[NIC "PU.10"]
[Time "15:31:56"]
[PlyCount "52"]
[TimeControl "4500+10"]

1. e4 d6 2. d4 Nf6 3. Nc3 g6 4. Nf3 Bg7 5. Bc4 O-O 6. Bf4 Nxe4 7. Nxe4 d5
8. Bxd5 Qxd5 9. Qe2 Bg4 10. c3 Nc6 11. O-O e5 12. dxe5 Nxe5 13. Bxe5 Bxf3
14. Qxf3 Qxe5 15. Rfe1 Qb5 16. Re2 Qc6 17. Rae1 Rae8 18. h3 Re5 19. Nd2
Rxe2 20. Rxe2 Qxf3 21. Nxf3 Rd8 22. Re7 Rd1+ 23. Kh2 Bf8 24. Re1 Bd6+ 25.
g3 Rxe1 26. Nxe1 Kg7 { Game drawn by mutual agreement } 1/2-1/2

[Event "ICC tourney 2481 (75 10)"]
[Site "Internet Chess Club"]
[Date "2021.03.28"]
[Round "5"]
[White "NEMMALI, PRATEEK R:Priccchess"]
[Black "THATIPARTHI, VINEETHREDDY:Vinny773175"]
[Result "1/2-1/2"]
[ICCResult "Game drawn by mutual agreement"]
[WhiteElo "1822"]
[BlackElo "1763"]
[Opening "Sicilian: Najdorf, Adams attack"]
[ECO "B90"]
[NIC "SI.14"]
[Time "15:31:56"]
[PlyCount "62"]
[TimeControl "4500+10"]

1. e4 c5 2. Nf3 d6 3. d4 cxd4 4. Nxd4 Nf6 5. Nc3 a6 6. h3 e6 7. Be3 Nbd7 8.
Bd3 Be7 9. O-O O-O 10. Qd2 Nc5 11. f4 Nxd3 12. Qxd3 e5 13. Nb3 exf4 14.
Bxf4 Be6 15. Rad1 Qc7 16. Bxd6 Bxd6 17. Qxd6 Qxd6 18. Rxd6 Rac8 19. Nd4 Bc4
20. Re1 Rfd8 21. Nf5 Kf8 22. Red1 Rxd6 23. Nxd6 Rc7 24. Rd4 Be6 25. a4 Rc6
26. a5 b5 27. axb6 Rxb6 28. b3 Rc6 29. Rd3 g6 30. Nb7 Rc7 31. Nd6 Nd7 {
Game drawn by mutual agreement } 1/2-1/2

[Event "ICC tourney 2481 (75 10)"]
[Site "Internet Chess Club"]
[Date "2021.03.28"]
[Round "5"]
[White "MEIYAPPAN, KAVYA:kavyameiyappan"]
[Black "Aravindakshan, Sahana:TigerSahi"]
[Result "0-1"]
[ICCResult "White resigns"]
[WhiteElo "1612"]
[BlackElo "1641"]
[Opening "Giuoco Piano"]
[ECO "C54"]
[NIC "IG.02"]
[Time "15:31:02"]
[PlyCount "96"]
[TimeControl "4500+10"]

1. e4 e5 2. Nf3 Nc6 3. Bc4 Bc5 4. c3 Nf6 5. d4 exd4 6. cxd4 Bb4+ 7. Bd2
Bxd2+ 8. Nbxd2 d5 9. exd5 Nxd5 10. O-O O-O 11. Ne5 Nxe5 12. dxe5 Nb6 13.
Bb3 Bf5 14. Re1 Re8 15. Nc4 Nxc4 16. Bxc4 Qg5 17. Qf3 c6 18. Qb3 Re7 19.
Qe3 Qxe3 20. Rxe3 Rae8 21. Rae1 Be6 22. Bxe6 Rxe6 23. f4 f6 24. Kf2 fxe5
25. Rxe5 Rxe5 26. Rxe5 Rxe5 27. fxe5 Kf7 28. Kf3 Ke6 29. Ke4 c5 30. b3 b5
31. a3 a5 32. g3 g6 33. h3 h6 34. g4 g5 35. a4 b4 36. Kd3 Kxe5 37. Kc4 Ke4
38. Kxc5 Kd3 39. Kb5 Kc3 40. Kxa5 Kxb3 41. Kb5 Kc3 42. a5 b3 43. a6 b2 44.
a7 b1=Q+ 45. Ka6 Qa2+ 46. Kb7 Kd3 47. a8=Q Qxa8+ 48. Kxa8 Ke3 { White
resigns } 0-1

[Event "ICC tourney 2481 (75 10)"]
[Site "Internet Chess Club"]
[Date "2021.03.28"]
[Round "5"]
[White "MUTHUKUMAR, AADITH:dabpacman"]
[Black "Nesham, William Joseph:FireFox95"]
[Result "0-1"]
[ICCResult "White checkmated"]
[WhiteElo "1441"]
[BlackElo "1990"]
[Opening "Vienna gambit"]
[ECO "C25"]
[NIC "VG.04"]
[Time "15:31:12"]
[PlyCount "192"]
[TimeControl "4500+10"]

1. e4 e5 2. Nc3 Nc6 3. f4 d6 4. Nf3 Be7 5. Bb5 Bg4 6. O-O Nf6 7. h3 Bd7 8.
d3 a6 9. Bc4 O-O 10. f5 Na5 11. Bb3 b5 12. g4 Nxb3 13. axb3 b4 14. Ne2 h6
15. Be3 Nh7 16. Qd2 Re8 17. Bxh6 gxh6 18. Qxh6 Bg5 19. Nxg5 Qxg5 20. Qxg5+
Nxg5 21. h4 Nh7 22. g5 Kh8 23. Kh2 Rg8 24. Rg1 Rg7 25. Ng3 Nxg5 26. hxg5
Rxg5 27. Kg2 Rag8 28. Kf2 Bb5 29. Rh1+ Kg7 30. Rag1 Kf6 31. Nh5+ Ke7 32.
Rxg5 Rxg5 33. Ng3 c5 34. Kf3 Bc6 35. Ra1 Bb7 36. c3 Rg8 37. cxb4 cxb4 38.
Ra4 Rb8 39. Kf2 Bc8 40. Ne2 Rb6 41. d4 f6 42. Ke3 Bd7 43. Ra1 Bb5 44. Rc1
Kd7 45. Ng3 a5 46. dxe5 dxe5 47. Rd1+ Rd6 48. Rxd6+ Kxd6 49. Nh5 Ke7 50.
Ng7 Bf1 51. Ne6 Kd6 52. Nd8 Ba6 53. Ne6 Bc8 54. Ng7 Bd7 55. Nh5 Ke7 56. Ng3
Be8 57. Ne2 Bf7 58. Nc1 Kd6 59. Kd3 Kc5 60. Ke3 Bh5 61. Kd3 Bf3 62. Ke3 Bh5
63. Kd3 Kb5 64. Ke3 Bf7 65. Kd3 a4 66. bxa4+ Kxa4 67. Ke3 Bc4 68. Kd2 Kb5
69. Ke3 Kc5 70. Nd3+ Kb5 71. Nc1 b3 72. Kd2 Kb4 73. Nd3+ Kb5 74. Nc1 Ka4
75. Ke3 Kb5 76. Kd2 Kc5 77. Kc3 Bf7 78. Kd3 Kb4 79. Ne2 Bc4+ 80. Kd2 Kc5
81. Nc3 Kd4 82. Nd5 Bxd5 83. exd5 Kxd5 84. Kc3 e4 85. Kxb3 Ke5 86. Kc4 Kf4
87. b4 e3 88. b5 e2 89. b6 e1=Q 90. b7 Qb1 91. Kd5 Qxb7+ 92. Ke6 Qb2 93.
Kf7 Kxf5 94. Ke8 Qb7 95. Kd8 Ke6 96. Ke8 Qe7# { White checkmated } 0-1

[Event "ICC tourney 2481 (75 10)"]
[Site "Internet Chess Club"]
[Date "2021.03.28"]
[Round "5"]
[White "Xiao, Marina:marinaxiao"]
[Black "LIANG, ETHAN Y:ELCCEthan488"]
[Result "1-0"]
[ICCResult "Black checkmated"]
[WhiteElo "1484"]
[BlackElo "1783"]
[Opening "Sicilian: Pelikan, Chelyabinsk variation"]
[ECO "B33"]
[NIC "SI.37"]
[Time "15:31:06"]
[PlyCount "101"]
[TimeControl "4500+10"]

1. e4 c5 2. Nf3 Nc6 3. d4 cxd4 4. Nxd4 Nf6 5. Nc3 e5 6. Ndb5 d6 7. Bg5 a6
8. Na3 b5 9. Nd5 Be7 10. Bxf6 Bxf6 11. c3 Rb8 12. Nc2 O-O 13. Be2 Bg5 14.
O-O f5 15. exf5 Bxf5 16. Nce3 Be6 17. Bg4 Bf7 18. Nf5 g6 19. Ng3 Ne7 20.
Nb4 a5 21. Nc2 Nd5 22. Bf3 Nf4 23. Ne3 d5 24. Ng4 e4 25. Be2 h5 26. Ne5 Be8
27. Qd4 h4 28. Bg4 Qf6 29. Nh1 Rd8 30. g3 Ne6 31. Bxe6+ Qxe6 32. f4 exf3
33. Rae1 Bf6 34. Rxf3 Kg7 35. Rfe3 Qf5 36. Qa7+ Kh8 37. Rf1 Qc2 38. Ref3 h3
39. Nf2 Bg7 40. Rxf8+ Bxf8 41. Nxh3 Bg7 42. Ng5 Bd7 43. Nef7+ Kg8 44. Nxd8
Qd2 45. Nf3 Qxb2 46. Qxd7 Qxc3 47. Qe8+ Kh7 48. Ng5+ Kh6 49. Ndf7+ Kh5 50.
Qe2+ Qf3 51. Qxf3# { Black checkmated } 1-0

[Event "ICC tourney 2481 (75 10)"]
[Site "Internet Chess Club"]
[Date "2021.03.28"]
[Round "5"]
[White "MOERLIEN, PUWIT SKY:SuperBlueSky"]
[Black "MIYASAKA, JULIA KAITLYN:evilking"]
[Result "1-0"]
[ICCResult "Black checkmated"]
[WhiteElo "1631"]
[BlackElo "1774"]
[Opening "QGD: Tartakower (Makagonov-Bondarevsky) system"]
[ECO "D58"]
[NIC "QO.09"]
[Time "15:31:56"]
[PlyCount "167"]
[TimeControl "4500+10"]

1. d4 d5 2. c4 e6 3. Nc3 Be7 4. Nf3 Nf6 5. Bg5 h6 6. Bh4 O-O 7. e3 b6 8.
Rc1 Bb7 9. Bxf6 Bxf6 10. cxd5 exd5 11. b4 a5 12. b5 c6 13. bxc6 Nxc6 14.
Qb3 Ne7 15. Bd3 Ba6 16. Bxa6 Rxa6 17. O-O Qd7 18. Qb5 Qb7 19. Na4 Rb8 20.
Rb1 Qa8 21. Nc5 Ra7 22. Nd7 Rbb7 23. Nxb6 Qd8 24. Qc5 Qc7 25. Nxd5 Nxd5 26.
Qxd5 Rxb1 27. Rxb1 Qc2 28. Qb3 Rc7 29. h3 Qxb3 30. axb3 Be7 31. Ne5 Bb4 32.
Nd3 Kf8 33. Rc1 Rb7 34. Nxb4 Rxb4 35. Rc5 Rxb3 36. Rxa5 Ke7 37. Kh2 Rd3 38.
Kg3 Ke6 39. Kf3 Rd1 40. h4 Kf6 41. Ra6+ Ke7 42. g3 f6 43. Ra7+ Kf8 44. Ke2
Rb1 45. d5 Rb2+ 46. Kf3 Rd2 47. e4 f5 48. exf5 Rxd5 49. Ke4 Rd2 50. f3 Re2+
51. Kf4 Rb2 52. g4 Rb4+ 53. Kg3 Rb3 54. f6 gxf6 55. Rh7 Kg8 56. Rxh6 Kg7
57. Rh5 Kg6 58. Rc5 Rd3 59. Rc6 Rb3 60. g5 Rb5 61. Rxf6+ Kg7 62. f4 Rb3+
63. Kg4 Rb8 64. h5 Rb1 65. h6+ Kh7 66. Rf7+ Kg8 67. Ra7 Rg1+ 68. Kf5 Rh1
69. Kg6 Kf8 70. Ra8+ Ke7 71. h7 Ke6 72. h8=Q Rxh8 73. Rxh8 Ke7 74. f5 Kd6
75. Re8 Kd7 76. Re1 Kd8 77. f6 Kd7 78. f7 Kc6 79. f8=Q Kd5 80. Qd8+ Kc6 81.
Rc1+ Kb7 82. Qc7+ Ka6 83. Qb8 Ka5 84. Ra1# { Black checkmated } 1-0

[Event "ICC tourney 2481 (75 10)"]
[Site "Internet Chess Club"]
[Date "2021.03.28"]
[Round "5"]
[White "YANG, MAXWELL Z:tigertiger2019"]
[Black "MUNAGANURI, VAMSI:TacticalVM"]
[Result "1-0"]
[ICCResult "Black checkmated"]
[WhiteElo "1650"]
[BlackElo "1678"]
[Opening "Sicilian: Sozin, 7.Be3"]
[ECO "B89"]
[NIC "SI.26"]
[Time "15:31:38"]
[PlyCount "107"]
[TimeControl "4500+10"]

1. e4 c5 2. Nf3 d6 3. d4 cxd4 4. Nxd4 Nf6 5. Nc3 Nc6 6. Bc4 e6 7. Be3 Be7
8. O-O O-O 9. Qe2 a6 10. Rad1 Qc7 11. Bb3 Re8 12. f4 Nxd4 13. Bxd4 e5 14.
fxe5 dxe5 15. Nd5 Nxd5 16. Bxd5 Bf6 17. Be3 Be6 18. c4 Rac8 19. Qf2 Qe7 20.
Bb6 Bxd5 21. Rxd5 Qb4 22. b3 Qf8 23. c5 Rc6 24. Rfd1 h6 25. Rd7 Be7 26.
R1d5 f6 27. Rxb7 Rec8 28. b4 Qe8 29. Qg3 Re6 30. Qg4 Bf8 31. Rdd7 Re7 32.
Rxe7 Bxe7 33. Qe6+ Kf8 34. Rxe7 Qxe7 35. Qxc8+ Qe8 36. Qxe8+ Kxe8 37. c6
Ke7 38. Kf2 Kd6 39. c7 Kd7 40. Kg3 Kc8 41. Kg4 Kb7 42. Kf5 Kc8 43. Kg6 Kb7
44. Kxg7 Kc8 45. Kxf6 Kb7 46. Kxe5 a5 47. bxa5 h5 48. Kd6 Kc8 49. e5 h4 50.
e6 h3 51. gxh3 Kb7 52. e7 Ka6 53. e8=Q Kb7 54. c8=Q# { Black checkmated }
1-0

[Event "ICC tourney 2481 (75 10)"]
[Site "Internet Chess Club"]
[Date "2021.03.28"]
[Round "5"]
[White "SU, JASMINE ZHIXIN:chessisthebest1"]
[Black "Ghosh, Dipankar:Dipankar007"]
[Result "0-1"]
[ICCResult "White resigns"]
[WhiteElo "1806"]
[BlackElo "1850"]
[Opening "Sicilian: Najdorf"]
[ECO "B90"]
[NIC "SI.14"]
[Time "15:31:13"]
[PlyCount "132"]
[TimeControl "4500+10"]

1. e4 c5 2. Nf3 d6 3. d4 cxd4 4. Nxd4 Nf6 5. Nc3 a6 6. f3 e5 7. Nb3 Be6 8.
Be3 Be7 9. Qd2 O-O 10. O-O-O Qc7 11. g4 Rc8 12. Kb1 d5 13. exd5 Nxd5 14.
Nxd5 Bxd5 15. Be2 Be6 16. h4 a5 17. a3 a4 18. Nc1 Nd7 19. f4 exf4 20. Bxf4
Qc6 21. Rh3 Nf6 22. Bf3 Qb6 23. Be3 Bc5 24. Bxc5 Rxc5 25. Rg3 Rb5 26. Qd4
Qc7 27. Rg2 Rc5 28. Qd6 Qxd6 29. Rxd6 Rc7 30. g5 Nd7 31. Rgd2 Kf8 32. R6d4
Ke7 33. Rb4 Ra7 34. Be2 Ne5 35. Bb5 Bd7 36. Bxd7 Rxd7 37. Re2 f6 38. Nd3
Ra5 39. Ree4 Kf7 40. Nxe5+ Rxe5 41. gxf6 Rxe4 42. Rxe4 gxf6 43. Rxa4 f5 44.
c4 Rd4 45. Ra7 Rxc4 46. Rxb7+ Kg6 47. h5+ Kxh5 48. Rxh7+ Kg6 49. Rh2 f4 50.
b4 Kf5 51. Kb2 f3 52. Kb3 Rf4 53. Rf2 Ke4 54. b5 Ke3 55. Rf1 Ke2 56. Ra1 f2
57. a4 f1=Q 58. Rxf1 Rxf1 59. a5 Kd3 60. Kb4 Kd4 61. a6 Rb1+ 62. Ka5 Kc5
63. Ka4 Rxb5 64. a7 Rb1 65. a8=Q Ra1+ 66. Kb3 Rxa8 { White resigns } 0-1

[Event "ICC tourney 2481 (75 10)"]
[Site "Internet Chess Club"]
[Date "2021.03.28"]
[Round "5"]
[White "Bian, Erin:funpawn"]
[Black "SATTARU, SRITEJ SAI:FL2009"]
[Result "1-0"]
[ICCResult "Black resigns"]
[WhiteElo "1812"]
[BlackElo "1820"]
[Opening "Ruy Lopez: Berlin defense"]
[ECO "C65"]
[NIC "RL.07"]
[Time "15:31:46"]
[PlyCount "139"]
[TimeControl "4500+10"]

1. e4 e5 2. Nf3 Nc6 3. Bb5 Nf6 4. d3 Bc5 5. Bxc6 dxc6 6. Nbd2 O-O 7. Qe2
Re8 8. Nc4 Bg4 9. h3 Bxf3 10. Qxf3 b5 11. Ne3 Bb4+ 12. c3 Bf8 13. Nf5 Qd7
14. Bg5 Re6 15. O-O Kh8 16. Rad1 Ng8 17. d4 Qe8 18. Rfe1 f6 19. Bc1 g6 20.
Ng3 Bg7 21. Qe2 Rd8 22. Qc2 Red6 23. Be3 Ne7 24. f4 Nc8 25. Nf1 Nb6 26. b3
Qe6 27. Nh2 Qd7 28. Nf3 Nc8 29. Rd2 Qe8 30. Red1 R8d7 31. dxe5 fxe5 32.
fxe5 Rxd2 33. Rxd2 Re7 34. Bg5 Rd7 35. Rxd7 Qxd7 36. Qd2 Qxd2 37. Bxd2 h6
38. Bf4 Kg8 39. Nd4 Ne7 40. Ne6 g5 41. Nxg7 Kxg7 42. Be3 a6 43. Kf2 Ng6 44.
Bd4 Kf7 45. Kg3 Nf4 46. Kf3 Nd3 47. Kg4 c5 48. e6+ Kxe6 49. Bg7 Nf2+ 50.
Kf3 Nd1 51. Bxh6 Nxc3 52. Bxg5 Nxa2 53. h4 c4 54. bxc4 b4 55. Ke3 a5 56. h5
b3 57. Kd2 a4 58. h6 Kf7 59. e5 b2 60. Kc2 a3 61. Bd2 c5 62. e6+ Kxe6 63.
h7 Nb4+ 64. Bxb4 cxb4 65. h8=Q b3+ 66. Kb1 a2+ 67. Kxb2 Kd6 68. Qb8+ Kc5
69. Qxb3 a1=Q+ 70. Kxa1 { Black resigns } 1-0

[Event "ICC tourney 2481 (75 10)"]
[Site "Internet Chess Club"]
[Date "2021.03.28"]
[Round "6"]
[White "KUMAR, SRIRAM K:sirking2800"]
[Black "Lu, Samuel:chess-soccer"]
[Result "1-0"]
[ICCResult "Black resigns"]
[WhiteElo "1884"]
[BlackElo "1615"]
[Opening "Sicilian: dragon variation"]
[ECO "B70"]
[NIC "SI.15"]
[Time "19:02:20"]
[PlyCount "53"]
[TimeControl "4500+10"]

1. e4 c5 2. Nf3 d6 3. d4 cxd4 4. Nxd4 Nf6 5. Nc3 g6 6. Bc4 Bg7 7. Bb3 Nc6
8. f3 O-O 9. Be3 Bd7 10. Qd2 Qa5 11. g4 Ne5 12. h4 h5 13. gxh5 Nxh5 14.
O-O-O Rfc8 15. Rhg1 Nc4 16. Qd3 Nxe3 17. Qxe3 Rc5 18. Rxg6 Kh7 19. Bxf7 Rf8
20. Rxg7+ Nxg7 21. Nb3 Rxc3 22. Bg6+ Kxg6 23. Qg1+ Kh7 24. Nxa5 Rc7 25. Qg5
Rfc8 26. Rg1 Rxc2+ 27. Kb1 { Black resigns } 1-0

[Event "ICC tourney 2481 (75 10)"]
[Site "Internet Chess Club"]
[Date "2021.03.28"]
[Round "6"]
[White "Renderer, Winslow Scott:BEASTMODE1"]
[Black "VATS, ATIKSH:avats"]
[Result "1-0"]
[ICCResult "Black checkmated"]
[WhiteElo "1727"]
[BlackElo "1577"]
[Opening "QGD: 3...Nf6"]
[ECO "D35"]
[NIC "QO.16"]
[Time "19:02:26"]
[PlyCount "33"]
[TimeControl "4500+10"]

1. d4 Nf6 2. c4 e6 3. Nc3 d5 4. c5 c6 5. Bg5 Be7 6. Nf3 O-O 7. h4 h6 8. Bd2
Nbd7 9. Qc2 Qc7 10. e4 dxe4 11. Nxe4 e5 12. Nxf6+ Bxf6 13. Bc4 exd4 14. Ng5
hxg5 15. hxg5 g6 16. Qxg6+ Bg7 17. Qh7# { Black checkmated } 1-0